 Dungeon Crawl Stone Soup version 0.24.1-4-ge52af88ad5 (webtiles) character file.

Game seed: 18017311213075685364, levelgen mode: deterministic

1753 Gruesph the Martial Artist (level 9, 0/59 HPs)
             Began as a Merfolk Transmuter on Apr 15, 2020.
             Was a Believer of Okawaru.
             Slain by an orc warrior
             ... wielding a +0 halberd
              (15 damage)
             ... on level 5 of the Dungeon.
             The game lasted 00:34:31 (7947 turns).

Gruesph the Martial Artist (Merfolk Transmuter)     Turns: 7947, Time: 00:34:32

Health: 0/59       AC:  5    Str: 17    XL:     9   Next: 6%
Magic:  10/12      EV: 16    Int: 14    God:    Okawaru [**....]
Gold:   232        SH:  0    Dex: 14    Spells: 2/12 levels left

rFire    . . .     SeeInvis .     - Unarmed
rCold    . . .     Gourm    .   (no shield)
rNeg     . . .     Faith    .   n - +0 leather armour
rPois    .         Spirit   .   m - +1 hat
rElec    .         Reflect  .   w - +0 cloak
rCorr    .         Harm     .   (no gloves)
MR       .....                  (no boots)
Stlth    +++.......             (no amulet)
HPRegen  0.19/turn              (no ring)
MPRegen  0.13/turn              (no ring)

@: mighty, heroism
A: change form in water, swift swim, stealthy swim
a: Heroism, Renounce Religion


You were on level 5 of the Dungeon.
You worshipped Okawaru.
Okawaru was pleased with you.
You were not hungry.

You visited 1 branch of the dungeon, and saw 6 of its levels.

You collected 232 gold pieces.

Inventory:

Missiles
 a - an arrow
 b - 3 curare-tipped darts
 d - 62 stones
 g - 7 poisoned darts (quivered)
 h - 3 throwing nets
Armour
 m - a +1 hat (worn)
 n - a +0 leather armour (worn)
 w - a +0 cloak (worn)
Wands
 o - a wand of clouds (3)
 p - a wand of scattershot (3)
 t - a wand of acid (9)
 u - a wand of polymorph (6)
Scrolls
 r - 3 scrolls of remove curse
Potions
 c - a potion of curing
 j - a potion of invisibility {unknown}
 k - a potion of degeneration {unknown}
 l - a potion of haste {unknown}
Comestibles
 f - 7 rations


   Skills:
 - Level 1.1(6.1) Fighting
 - Level 2.6(7.6) Dodging
 - Level 2.0(7.0) Stealth
 + Level 9.0(14.0) Unarmed Combat
 - Level 2.0 Spellcasting
 + Level 6.9 Transmutations
 - Level 4.8 Ice Magic
 - Level 4.8 Poison Magic


You had 2 spell levels left.
You knew the following spells:

 Your Spells              Type           Power        Failure   Level  Hunger
a - Beastly Appendage     Tmut           ###...       1%          1    ##.....
b - Sticks to Snakes      Tmut           ###.....     2%          2    ###....
c - Spider Form           Tmut/Pois      ###.......   8%          3    ####...
d - Ice Form              Ice/Tmut       ###.....     26%         4    #####..

Your spell library contained the following spells:

 Spells                   Type           Power        Failure   Level  Hunger
 Blade Hands              Tmut           ###.......   43%         5    ######.


Dungeon Overview and Level Annotations

Branches:
Dungeon (6/15)
 Temple: D:4-7

Altars:
Cheibriados
Elyvilon
Gozag
Okawaru
Sif Muna


Message History

The orc warrior is poisoned.
The worker ant twitches its antennae in your direction.
A centaur comes into view.
The orc warrior hits you with a +0 halberd!
The orc closely misses you.
The centaur moves out of view.
There is a stone staircase leading up, spattered with blood here.
The orc hits you but does no damage.
The orc warrior hits you with a +0 halberd!
The orc barely misses you.
You climb upwards.
There is a stone staircase leading down here.
You gain the combat prowess of a mighty hero.
The orc misses you.
The orc warrior hits you with a +0 halberd!
* * * LOW HITPOINT WARNING * * *
Okay, then.
You feel very mighty all of a sudden. The orc misses you.
The orc warrior hits you with a +0 halberd!
You die...

#.................
#.................
#######........###
#........# #........#
#........###
#####################..
#......o....# #.....
#....o@.....# #.....
#...........# #.....
######>..........########'##
#..........................#
#.....................#.....
#.....................#.....
#.....................#.....
#.....................#.....
#.....................######


You could see an orc warrior and an orc.

Vanquished Creatures
  Pikel (D:5)
  Grinder (D:3)
  Sigmund (D:3)
  A slave (D:4)
  2 phantoms
  An ogre (D:4)
  2 scorpions (D:4)
  A howler monkey (D:3)
  Crazy Yiuf (D:5)
  2 orc wizards
  2 orc priests (D:4)
  2 hounds
  Jessica (D:3)
  A centaur skeleton (D:4)
  A gnoll shaman (D:4)
  4 worker ants
  2 iguanas (D:5)
  A hound zombie (D:5)
  7 gnolls
  A howler monkey skeleton (D:5)
  5 adders
  A shadow imp (D:5)
  2 oozes
  An adder skeleton (D:5)
  4 worms
  4 dart slugs
  2 leopard geckos
  3 orcs
  2 ball pythons
  5 bats
  2 giant cockroaches
  5 goblins
  2 hobgoblins (D:1)
  8 jackals
  A quokka (D:2)
  2 frilled lizards
  4 kobolds
  2 rats
90 creatures vanquished.

Vanquished Creatures (collateral kills)
  A worm (D:2)
  A bat (D:3)
2 creatures vanquished.

Grand Total: 92 creatures vanquished

Notes
Turn   | Place    | Note
-------+----------+-------------------------------------------
     0 | D:1      | Gruesph the Merfolk Transmuter began the quest for the Orb.
     0 | D:1      | Reached XP level 1. HP: 15/15 MP: 3/3
   139 | D:1      | Reached skill level 1 in Stealth
   139 | D:1      | Reached XP level 2. HP: 21/21 MP: 5/5
   143 | D:1      | Learned a level 2 spell: Sticks to Snakes
   852 | D:1      | Reached skill level 4 in Unarmed Combat
   852 | D:1      | Reached XP level 3. HP: 26/26 MP: 6/6
  1312 | D:2      | Reached XP level 4. HP: 5/32 MP: 5/7
  1616 | D:2      | Reached skill level 5 in Unarmed Combat
  2134 | D:2      | Learned a level 3 spell: Spider Form
  2271 | D:2      | Found an iron altar of Okawaru.
  2324 | D:2      | Became a worshipper of Warmaster Okawaru
  2401 | D:2      | Reached skill level 1 in Poison Magic
  2692 | D:3      | Noticed Jessica
  2692 | D:3      | Noticed Sigmund
  2788 | D:3      | Noticed Grinder
  2876 | D:3      | Killed Jessica
  2876 | D:3      | Reached XP level 5. HP: 30/37 MP: 1/8
  2888 | D:3      | Killed Sigmund
  2888 | D:3      | Reached skill level 6 in Unarmed Combat
  2888 | D:3      | Reached XP level 6. HP: 30/43 MP: 3/9
  3001 | D:3      | Paralysed by Grinder for 2 turns
  3031 | D:3      | Killed Grinder
  3031 | D:3      | Reached * piety under Okawaru
  3387 | D:3      | Reached XP level 7. HP: 35/48 MP: 7/10
  3675 | D:3      | Found a shimmering blue altar of Sif Muna.
  3680 | D:3      | Found a white marble altar of Elyvilon.
  3934 | D:3      | HP: 1/48 [phantom (3)]
  3935 | D:3      | Reached skill level 7 in Unarmed Combat
  4250 | D:3      | Learned a level 4 spell: Ice Form
  4313 | D:3      | Reached skill level 5 in Transmutations
  4465 | D:4      | Reached skill level 1 in Ice Magic
  5173 | D:4      | Reached XP level 8. HP: 18/54 MP: 7/11
  5827 | D:4      | Found a snail-covered altar of Cheibriados.
  5827 | D:4      | Found an opulent altar of Gozag.
  6263 | D:5      | Entered Level 5 of the Dungeon
  6287 | D:4      | Reached skill level 8 in Unarmed Combat
  6833 | D:5      | Noticed Pikel
  7005 | D:5      | Killed Pikel
  7005 | D:5      | Reached ** piety under Okawaru
  7373 | D:5      | Reached XP level 9. HP: 59/59 MP: 12/12
  7655 | D:5      | Found a runed translucent door.
  7656 | D:5      | Noticed Crazy Yiuf
  7663 | D:5      | Killed Crazy Yiuf
  7663 | D:5      | Reached skill level 9 in Unarmed Combat
  7947 | D:5      | Slain by an orc warrior

Levels and vault maps discovered:
D:1:      lightli_arrival_isolated_outpost, layout_basic, hangedman_glass_teeth,
          minmay_stone_trees_small
D:2:      layout_loops_ring, okawaru_gym_becter
D:3:      layout_loops_ring, minitemple, uniq_jessica, uniq_sigmund,
          uniq_grinder
D:4:      layout_loops_ring, gammafunk_temple_overflow_wave
D:5:      layout_gridville, first_ration, item_on_display_a,
          uniq_crazy_yiuf_cottage, uniq_pikel
D:6:      layout_basic, ebering_ghost_gozag, ashenzari_altar_1

Skill      XL: |  1  2  3  4  5  6  7  8  9 |
---------------+----------------------------+-----
Stealth        | 1 2 |  2.0
Unarmed Combat | 4 5 6 7 8 9 |  9.0
Poison Magic   | 1 3 4 |  4.8
Transmutations | 4 6 |  6.9
Ice Magic      | 2 4 |  4.8
Fighting       | |  1.1
Dodging        | |  2.6
Spellcasting   | |  2.0

Action                   |  1- 3 |  4- 6 |  7- 9 || total
-------------------------+-------+-------+-------++-------
Melee: Unarmed           |    83 |    95 |   232 ||   410
       Punch             |     1 |     2 |     5 ||     8
       Headbutt          |     1 |     4 |     9 ||    14
Throw: Dart              |     3 |     3 |    11 ||    17
 Cast: Sticks to Snakes  |     1 |     8 |     2 ||    11
       Beastly Appendage |     3 |     5 |     6 ||    14
       Spider Form       |       |       |     4 ||     4
Invok: Heroism           |       |       |    10 ||    10
  Use: Scroll            |       |     6 |     5 ||    11
       Potion            |       |     2 |     1 ||     3
 Stab: Sleeping          |     3 |     5 |     1 ||     9
       Distracted        |       |     2 |       ||     2
  Eat: Chunk             |     1 |     6 |    10 ||    17
       Ration            |       |     1 |     1 ||     2
Armor: Robe              |    10 |       |       ||    10
       Leather armour    |     1 |     3 |    23 ||    27
       Ring mail         |       |    14 |     6 ||    20
       Skin              |       |       |     1 ||     1
Dodge: Dodged            |    59 |    60 |   133 ||   252
